 Dungeon Crawl Stone Soup version 0.24.0-29-g8ce449bc06 (webtiles) character file.

Game seed: 7184333324936580212, levelgen mode: deterministic

422 Nattfarinn the Digger (level 6, -2/32 HPs)
             Began as a Gargoyle Earth Elementalist on Nov 15, 2019.
             Slain by an orc
             ... wielding a +0 whip
              (4 damage)
             ... on level 3 of the Dungeon.
             The game lasted 00:09:03 (3787 turns).

Nattfarinn the Digger (Gargoyle Earth Elementalist) Turns: 3787, Time: 00:09:04

Health: -2/32      AC:  6    Str: 13    XL:     6   Next: 95%
Magic:  5/11       EV: 12    Int: 16    God:
Gold:   105        SH:  0    Dex: 10    Spells: 8/12 levels left

rFire    . . .     SeeInvis .   i - +1 whip (pain)
rCold    . . .     Gourm    .   (no shield)
rNeg     + . .     Faith    .   c - +0 robe
rPois    ∞         Spirit   .   (no helmet)
rElec    +         Reflect  .   (no cloak)
rCorr    .         Harm     .   (no gloves)
MR       .....                  (no boots)
Stlth    +.........             (no amulet)
HPRegen  0.10/turn              (no ring)
MPRegen  0.12/turn              (no ring)

@: confused, very slightly contaminated
A: negative energy resistance 1, electricity resistance, unbreathing,
petrification resistance, rot immunity, AC +4
a: no special abilities


You were on level 3 of the Dungeon.
You were hungry.

You visited 1 branch of the dungeon, and saw 4 of its levels.

You collected 105 gold pieces.

Inventory:

Hand Weapons
 g - a +0 club
 i - a +1 whip of pain (weapon)
 n - a +1 dagger of chaos
Armour
 c - a +0 robe (worn)
Scrolls
 a - a scroll of enchant armour {unknown}
 f - 2 scrolls of fear {unknown}
 j - a scroll of blinking {unknown}
 k - 3 scrolls of remove curse
 m - a scroll of identify {unknown}
Comestibles
 d - 4 rations


   Skills:
 + Level 3.2 Armour
 - Level 1.5 Dodging
 - Level 2.1 Stealth
 + Level 3.7 Spellcasting
   Level 0.7 Transmutations
 * Level 7.0 Earth Magic


You had 8 spell levels left.
You knew the following spells:

 Your Spells              Type           Power        Failure   Level  Hunger
a - Sandblast             Erth           ####..       1%          1    None
b - Stone Arrow           Conj/Erth      ##....       12%         3    ###....

Your spell library contained the following spells:

 Spells                   Type           Power        Failure   Level  Hunger
 Passwall                 Tmut/Erth      ###.....     5%          2    ##.....
 Lee's Rapid Deconstruct  Erth           ####......   26%         5    ######.
 Petrify                  Tmut/Erth      ###.....     34%         4    ####...


Dungeon Overview and Level Annotations

Branches:
Dungeon (4/15)
 Temple: D:4-7

Altars:
Xom


Innate Abilities, Weirdness & Mutations

You are resistant to torment.
Your stone body is resilient. (AC +4)
You are immune to poison.
You resist negative energy. (rN+)
You are resistant to electric shocks. (rElec)
You can survive without breathing.
You are immune to petrification.
You are immune to rotting.


Message History

Something hits you but does no damage.
You hit the orc but do no damage.
The orc is severely wounded.
The orc closely misses you. The orc hits you but does no damage.
You hear some strange, mumbled words.
You are confused.
The orc hits you with a +0 whip.
* * * LOW HITPOINT WARNING * * *
You bump into the rock wall.
The orc closely misses you. Something hits you.
* * * LOW HITPOINT WARNING * * *
The orc hits you with a +0 whip.
* * * LOW HITPOINT WARNING * * *
You completely miss something. The orc hits you but does no damage.
Something hits you but does no damage. The orc misses you.
You closely miss the orc.
The orc is severely wounded.
The orc hits you with a +0 dagger.
* * * LOW HITPOINT WARNING * * *
Something hits you but does no damage. The orc hits you with a +0 whip.
You die...

########
#..÷.o{#
........##@#
#.##....##o#
#.# ###
...........
... ..#
#.###...##.##
#.# #.# #
#...##.# #.#
#.# # ####
.......# #.#
#.### ...#
##...#### #.#
#.##. ##.#
#...#
#.######....
##.####
#..)######
#.##........


You could see 2 orcs.

Vanquished Creatures
  A sky beast (D:3)
  A scorpion (D:4)
  3 crimson imps (D:3)
  An orc priest (D:4)
  An orc wizard (D:3)
  4 adders
  2 oozes
  A worm (D:2)
  8 orcs (D:3)
  11 bats
  2 giant cockroaches (D:2)
  9 goblins
  9 hobgoblins
  3 jackals (D:1)
  2 ball pythons (D:1)
  3 frilled lizards
  8 kobolds
  5 rats
74 creatures vanquished.

Notes
Turn   | Place    | Note
-------+----------+-------------------------------------------
     0 | D:1      | Nattfarinn the Gargoyle Earth Elementalist began the quest
                  | for the Orb.
     0 | D:1      | Reached XP level 1. HP: 10/10 MP: 3/3
   106 | D:1      | Reached skill level 4 in Earth Magic
   109 | D:1      | Reached XP level 2. HP: 15/15 MP: 0/5
   515 | D:1      | Reached XP level 3. HP: 19/19 MP: 4/6
  1260 | D:2      | Reached skill level 1 in Armour
  1273 | D:2      | Reached skill level 5 in Earth Magic
  1734 | D:3      | Reached XP level 4. HP: 19/24 MP: 7/7
  2097 | D:3      | Found a shimmering altar of Xom.
  2125 | D:3      | Reached XP level 5. HP: 16/28 MP: 1/9
  2533 | D:3      | Noticed a sky beast
  2541 | D:3      | Reached skill level 6 in Earth Magic
  2552 | D:3      | Killed a sky beast
  2552 | D:3      | Reached XP level 6. HP: 7/32 MP: 3/11
  3292 | D:4      | Learned a level 3 spell: Stone Arrow
  3768 | D:4      | Reached skill level 7 in Earth Magic
  3787 | D:3      | Slain by an orc

Levels and vault maps discovered:
D:1:      wander_arrival_lonely_grave, layout_basic, minmay_stone_trees_medium,
          minmay_shallow_snake_nest
D:2:      layout_loops_ring, minmay_liquid_box
D:3:      layout_loops_cross, led_xom_imps
D:4:      minmay_door_path, layout_rooms, minmay_temple_entry_grid,
          first_ration, grunt_decor_one_mirror

Skill      XL: |  1  2  3  4  5  6 |
---------------+-------------------+-----
Earth Magic    | 4 5 6 7 |  7.0
Armour         | 1 2 3 |  3.2
Spellcasting   | 3 |  3.7
Dodging        | |  1.5
Stealth        | |  2.1
Transmutations | |  0.7

Action                   |  1- 3 |  4- 6 || total
-------------------------+-------+-------++-------
Melee: Club              |    89 |    88 ||   177
       Unarmed           |    17 |       ||    17
       Dagger            |       |    65 ||    65
       Whip              |       |    40 ||    40
 Cast: Sandblast         |    35 |    41 ||    76
       Stone Arrow       |       |     6 ||     6
  Use: Potion            |       |     4 ||     4
       Scroll            |       |     1 ||     1
 Stab: Sleeping          |       |     2 ||     2
       Confused          |       |     2 ||     2
  Eat: Chunk             |     3 |     7 ||    10
Armor: Robe              |    53 |    90 ||   143
       Skin              |       |     8 ||     8
Dodge: Dodged            |   100 |   157 ||   257
